Cogmind - Beta 16.1 @@@ ROGUE MODE // 2026.02.21 @ 22:28:01 Player: TheSkyeDoctor Result: Destroyed by S-10 Pest with Light Assault Rifle Performance ------------- Evolutions (0) 0 Regions Visited (2) 400 Robots Destroyed (19) 95 Value Destroyed (270) 270 Prototype IDs (0) 0 Alien Tech Used (0) 0 Bonus (-36) -36 TOTAL SCORE: 729 Bonus ------- Friendly Fire -36 Cogmind --------- Core Integrity 0/250 Matter 222/300 Energy 125/125 System Corruption 0% Temperature Cool (0) Movement Rolling (95) Location -10/Subcaves Parts ------- > --- POWER (1) -------- Light Ion Engine > --- PROPULSION (2) --- Wheel Subdweller Monowheel > --- UTILITY (2) ------ Medium Storage Unit Machine Analyzer > --- WEAPON (2) ------- Assault Rifle Subdweller Machine Gun > --- INVENTORY (10) --- Subdweller Monowheel Subdweller Monowheel Humpback Scrap Shield Grenade Launcher Scrap Shield Fragment (47) Scrap Shield Fragment (38) Peak State ------------ > --- POWER ------------ Light Ion Engine > --- PROPULSION ------- Wheel Subdweller Monowheel > --- UTILITY ---------- Medium Storage Unit Machine Analyzer > --- WEAPON ----------- Assault Rifle Subdweller Machine Gun > --- INVENTORY -------- Subdweller Monowheel Humpback Scrap Shield Grenade Launcher Scrap Shield Fragment Scrap Shield Fragment [Rating: 12] Favorites ----------- Power Ion Engine Engine Ion Engine Propulsion Light Treads Treads Light Treads Wheel Wheel Utility Seismic Detector Device Seismic Detector Storage Medium Storage Unit Processor Machine Analyzer Weapon Assault Rifle Ballistic Gun Assault Rifle Ballistic Cannon Light Cannon Launcher Grenade Launcher Special Weapon Mining Laser Build | -11 -10 -10 ------- Run | Yrd Mat Sub Slots Evolved . | . . . Power . | . . . Propulsion . | . . . Utility . | . . . Weapon . | . . . Parts Attached 17 | 7 1 9 Power 3 | 1 . 2 Engine 3 | 1 . 2 Core . | . . . Reactor . | . . . Propulsion 4 | 2 . 2 Treads 2 | 2 . . Leg . | . . . Wheel 2 | . . 2 Hover . | . . . Flight . | . . . Utility 4 | 2 1 1 Device 1 | 1 . . Storage 2 | 1 1 . Processor 1 | . . 1 Hackware . | . . . Protection . | . . . Artifact . | . . . Weapon 6 | 2 . 4 Energy Gun . | . . . Energy Cannon . | . . . Ballistic Gun 3 | 2 . 1 Ballistic Cannon 1 | . . 1 Launcher 1 | . . 1 Special Weapon 1 | . . 1 Impact Weapon . | . . . Slashing Weapon . | . . . Piercing Weapon . | . . . Special Melee Weapon . | . . . Unidentified Prototypes . | . . . Parts Lost 7 | . . 7 Power 1 | . . 1 Propulsion 2 | . . 2 Utility 1 | . . 1 Weapon 3 | . . 3 Highest Loss Streak 4 | . . 4 To Critical Strikes . | . . . Average Backups 4 | 1 4 5 Power . | . 1 . Propulsion 1 | 1 1 . Utility 1 | . . 1 Weapon 1 | . 2 1 Tool/Special . | . . . Unused Backups 5 | . . 5 Power . | . . . Propulsion 2 | . . 2 Utility 3 | . . 3 Weapon . | . . . Tool/Special . | . . . Average Slot Usage (%) 84 | . 100 78 Engine 8 | . 14 6 Treads 17 | . 28 12 Wheel 2 | . . 3 Device 12 | . 14 11 Storage 14 | . 14 14 Processor 1 | . . 2 Ballistic Gun 14 | . 28 9 Ballistic Cannon 6 | . . 9 Launcher 5 | . . 8 Peak Build Rating 12 | 7 7 12 Average Rating 6 | 5 6 6 On Entrance 4 | . 7 7 Avg Prop Armor Cover (%) . | . . . Naked Turns . | . . . Heaviest Build 20 | 15 20 20 Greatest Support 40 | 40 40 40 Greatest Overweight (x) 4 | . . 4 Average Overweight (x) . | . . . Largest Inventory Capacity 10 | 8 10 10 Average Capacity 9 | 7 8 10 Most Carried 10 | 5 6 10 Average Carried 7 | 2 4 9 Final Capacity 10 | 8 10 10 Final Carried 9 | 2 5 9 Class Distribution -------------------- 100% | Mutant Dominant Class ---------------- Mutant | -10/Materials Mutant | -10/Subcaves Resources | -11 -10 -10 ----------- Run | Yrd Mat Sub Matter Collected 725 | 336 120 269 Remotely . | . . . Salvage Created 417 | 158 154 105 Parts 35 | 11 16 8 Haulers Intercepted . | . . . Recyclers Shooed . | . . . Parts Field Recycled . | . . . Retrieved Matter . | . . . Parts Self-Destructed 10 | . . 10 Prevented . | . . . Parts Restored . | . . . Kills | -11 -10 -10 ------- Run | Yrd Mat Sub Combat Hostiles Destroyed 13 | . 9 4 Guns 11 | . 9 2 Cannons 2 | . . 2 Classes Destroyed 5 | 2 2 1 Tunneler 4 | 4 . . Recycler 1 | 1 . . Watcher 1 | . 1 . Swarmer 10 | . 9 1 Subdweller 3 | . . 3 Best Kill Streak 4 | 3 4 2 Combat Bots Only 4 | . 4 2 Max Kills in Single Turn 1 | 1 1 1 Gunslinging . | . . . Exploded . | . . . Melee . | . . . Uniques/NPCs Destroyed . | . . . Combat | -11 -10 -10 -------- Run | Yrd Mat Sub Hostile Shots Fired 91 | . 38 53 Missed 25 | . 8 17 Hits 66 | . 30 36 Projectile 66 | . 30 36 AOE 2 | . . 2 Critical Strikes 3 | . 2 1 Damage Taken 1041 | . 236 805 Core 258 | . 35 223 Absorbed by Shields . | . . . Core Remaining (%) 100 | 100 . . Volleys Fired 71 | 11 22 38 Largest 2 | 2 2 2 Hottest 100 | 40 40 100 Shots Fired 124 | 22 44 58 Gun 98 | 22 44 32 Cannon 20 | . . 20 Launcher 3 | . . 3 Special 3 | . . 3 Kinetic 118 | 22 44 52 Thermal 3 | . . 3 Explosive 3 | . . 3 Electromagnetic . | . . . Robot Hit Streak 8 | 5 5 8 Robot Miss Streak 3 | 3 2 2 Penetration Max . | . . . Secondary Targets 1 | . . 1 Max Gunslinging Chain 1 | . . 1 Shots Hit Robots 76 | 13 26 37 Core Hits 25 | 6 10 9 Critical Kills . | . . . Critical Parts Destroyed 1 | . . 1 Critical Strikes 2 | . . 2 Destroy 1 | . . 1 Blast 1 | . . 1 Melee Attacks . | . . . Impact . | . . . Slashing . | . . . Piercing . | . . . Sneak Attacks . | . . . Combat Hostiles . | . . . Follow-up Attacks . | . . . Damage Inflicted 1139 | 160 353 626 Guns 832 | 160 353 319 Cannons 202 | . . 202 Explosions 105 | . . 105 Melee . | . . . Ramming . | . . . Kinetic 1034 | 160 353 521 Thermal . | . . . Explosive 105 | . . 105 Electromagnetic . | . . . Impact . | . . . Slashing . | . . . Piercing . | . . . Highest Corruption . | . . . Average Corruption . | . . . Corruption Purged . | . . . Corruption Blocked . | . . . Overload Shots . | . . . Overflow Damage . | . . . Projectiles . | . . . Explosions . | . . . Melee . | . . . Knockbacks 4 | . . 4 Impact . | . . . Kinetic 4 | . . 4 Secondary . | . . . Self-Inflicted Damage 55 | . . 55 Shots 3 | . . 3 Rammed . | . . . Targets Rammed . | . . . Kicked . | . . . Crushed . | . . . Highest Temperature . | . . . Average Temperature . | . . . Received Heat Transfer 126 | . . 126 Siege Activations . | . . . Martial Activations . | . . . Shielding Activations . | . . . Robots Disrupted . | . . . Combat Hostiles . | . . . Robots Corrupted . | . . . Combat Hostiles . | . . . Parts Fried . | . . . Impact Corruptions . | . . . Robots Melted . | . . . Combat Hostiles . | . . . Parts Melted . | . . . Heat Transferred . | . . . Parts Sabotaged . | . . . Parts Stolen . | . . . Parts Stripped . | . . . Power Chain Reactions . | . . . Alert | -11 -10 -10 ------- Run | Yrd Mat Sub Maximum Alert Level . | . . . Low Security (%) 100 | 100 100 . Level 1 . | . . . Level 2 . | . . . Level 3 . | . . . Level 4 . | . . . Level 5 . | . . . High Security . | . . . Max Security . | . . . Peak Influence 141 | 10 141 . Initial . | . . . Average 40 | 1 49 . Influence Increases 337 | 25 282 30 Destroy 0b10 Robot/C 200 | . 180 20 Destroy 0b10 Robot/NC 30 | 25 5 . Destroy Leader 42 | . 32 10 Successful Hack 5 | . 5 . Lose Combat Pursuer 60 | . 60 . Influence Decreases 337 | 25 141 171 Entered New Map 69 | . . 69 Time Decay 248 | 25 141 82 Lost Part 20 | . . 20 Squads Dispatched 1 | . 1 . Investigation . | . . . Extermination . | . . . Reinforcement 1 | . 1 . Assault . | . . . Garrison . | . . . Intercept . | . . . Searches Triggered . | . . . Construction Impeded . | . . . Haulers Reinforced . | . . . Active Scanning Responses . | . . . Cargo Convoy Interrupts . | . . . Stealth | -11 -10 -10 --------- Run | Yrd Mat Sub Distress Signals 2 | . 2 . Communications Jammed . | . . . Distress Signals . | . . . Times Spotted 29 | . 14 15 Peak Tracking Total 6 | . 4 6 Tactical Retreats 2 | . 2 . Traps | -11 -10 -10 ------- Run | Yrd Mat Sub Traps Triggered 1 | . 1 . Indirectly . | . . . Trap Hack Attempts . | . . . Triggered . | . . . Disarmed . | . . . Reprogrammed . | . . . Reused . | . . . Traps Extracted . | . . . Installed . | . . . Triggered . | . . . Machines | -11 -10 -10 ---------- Run | Yrd Mat Sub Machines Disabled . | . . . Max in Single Turn . | . . . Machines Repaired . | . . . Machines Dismantled . | . . . Machines Sabotaged . | . . . Overloaded Fab Kills . | . . . Hacking | -11 -10 -10 --------- Run | Yrd Mat Sub Machines Accessed 6 | . 4 2 Terminals 4 | . 4 . Fabricators . | . . . Repair Stations . | . . . Recycling Units . | . . . Scanalyzers . | . . . Garrison Access . | . . . Total Hacks 11 | . 8 3 Successful 6 | . 3 3 Failed 5 | . 5 . Catastrophic 1 | . 1 . Database Lockouts . | . . . Manual 8 | . 8 . Terminals 8 | . 8 . Fabricators . | . . . Repair Stations . | . . . Recycling Units . | . . . Scanalyzers . | . . . Garrison Access . | . . . Terminal Hacks 3 | . . 3 Record 1 | . . 1 Open Door 1 | . . 1 Release Object 1 | . . 1 Fabricator Hacks . | . . . Repair Station Hacks . | . . . Recycling Unit Hacks . | . . . Scanalyzer . | . . . Garrison Access Hacks . | . . . Unauthorized Hacks 3 | . 3 . Terminals 3 | . 3 . Botnet 3 | . 3 . Fabricators . | . . . Repair Stations . | . . . Recycling Units . | . . . Scanalyzers . | . . . Garrison Access . | . . . Data Cores Recovered . | . . . Used . | . . . Hacking Detections 3 | . 3 . Full Trace Events . | . . . Feedback Events . | . . . Feedback Blocked . | . . . Robot Schematics Acquired . | . . . Robots Built . | . . . Authchips . | . . . Time . | . . . Total Robot Build Rating . | . . . Part Schematics Acquired . | . . . Parts Built . | . . . Authchips . | . . . Time . | . . . Total Part Build Rating . | . . . Part Studies Acquired . | . . . Parts Repaired . | . . . Time . | . . . Parts Recycled . | . . . Recycled Matter . | . . . Retrieved Matter . | . . . Retrieved Components . | . . . Parts Scanalyzed . | . . . Part Schematics Acquired . | . . . Parts Damaged . | . . . Bothacking | -11 -10 -10 ------------ Run | Yrd Mat Sub Used RIF Installer . | . . . Robots Hacked . | . . . Non-combat . | . . . Combat . | . . . Robot Hacks Applied . | . . . Relay Couplers Released . | . . . Fabnet Peak Effective % . | . . . Robots Rewired . | . . . Allies Hacked . | . . . Hacks Repelled . | . . . Allies | -11 -10 -10 -------- Run | Yrd Mat Sub Total Allies . | . . . Largest Group . | . . . Highest-Rated Group . | . . . Highest-Rated Ally . | . . . Total Orders . | . . . Ally Attacks . | . . . Total Damage . | . . . Kills . | . . . Allies Corrupted . | . . . Allies Melted . | . . . Intel | -11 -10 -10 ------- Run | Yrd Mat Sub Active Infowar (turns) 1799 | 21 538 1240 Seismic 1607 | 21 538 1048 Machine Analysis 192 | . . 192 Robot Analysis Total . | . . . Derelict Logs Recovered 1 | . . 1 Drone Launches . | . . . Drone Recoveries . | . . . Exploration | -11 -10 -10 ------------- Run | Yrd Mat Sub Turns Passed 1941 | 140 538 1263 Spaces Moved 1010 | 67 206 737 Core 19 | 14 . 5 Treads 798 | 53 206 539 Legs . | . . . Wheels 193 | . . 193 Hover . | . . . Flight . | . . . Fastest Speed 50 | 50 160 95 Average Speed 146 | 137 160 143 Slowest Speed 250 | 160 160 250 Overloaded Moves . | . . . Propulsion Burnouts . | . . . Robots Hopped . | . . . Potential Cave-ins . | . . . Cave-ins Triggered . | . . . Exploration Rate (%) 26 | 3 41 36 Regions Visited 2 Branch Regions 1 Pre-discovered Areas . | . . . Known Exits Taken . | . . . Unknown Exits Taken 2 | 1 1 . Scrap Searched . | . . . Spaces Dug . | . . . Terrain Destroyed 23 | . . 23 Melee . | . . . Projectile . | . . . AOE 23 | . . 23 Terrain Rammed . | . . . Walls Destroyed . | . . . Machines Disabled . | . . . Actions | -11 -10 -10 --------- Run | Yrd Mat Sub Total 1341 | 93 371 877 Wait 208 | . 134 74 Move 1008 | 66 205 737 Hop . | . . . Pick Up 26 | 9 6 11 Fast Attach 1 | . . 1 Attach 16 | 7 2 7 Detach . | . . . Swap 6 | . 1 5 Drop 5 | . 1 4 Fire 71 | 11 22 38 Melee . | . . . Ram . | . . . Kick . | . . . Crush . | . . . Escape Stasis . | . . . Rewire . | . . . Trap . | . . . Miscellaneous . | . . . Route ------- -11/Scrapyard -10/Materials (discovered 2 exits: [*Min] / *Sub) -10/Subcaves (discovered 2 exits: [*Mat] / [*Rec]) History --------- Turn | Location | Event 11 | -11/Scrapyard | Discovered new exit (range 16) 141 | -11/Scrapyard | Entered Materials 306 | -10/Materials | Build established: Mutant 426 | -10/Materials | Discovered new exit (range 14) 654 | -10/Materials | Discovered new exit (range 8) 679 | -10/Materials | Entered Subcaves 680 | -10/Subcaves | Approached by a straggling Scientist 686 | -10/Subcaves | Learned Materials emergency access door positions 1640 | -10/Subcaves | Core integrity fell below 50% 1651 | -10/Subcaves | Shifting Twisted Machinery released Sub. Machine Gun 1678 | -10/Subcaves | Shifting Twisted Machinery released Piercing Trap 1722 | -10/Subcaves | Core integrity fell below 20% 1760 | -10/Subcaves | Lost 4 parts (1n1u2w) 1877 | -10/Subcaves | Discovered new exit (range 9) 1929 | -10/Subcaves | Disturbed a concealed Subdweller 1940 | -10/Subcaves | Discovered new exit (range 13) 1942 | -10/Subcaves | Destroyed by S-10 Pest with Light Assault Rifle Last Messages --------------- Lgt. Treads destroyed. HT-8KR(R) knocked back. 60-FWZ(R) Sub. Power Source blasted off. 60-FWZ(R) destroyed. Seismic Detector destroyed. Lgt. Cannon destroyed. HT-8KR(R) destroyed. Acquired 43 matter. Acquired 2 matter. Acquired 33 matter. Acquired 1 matter. 9K-FTO(O) collects matter. Acquired 3 matter. Acquired 11 matter. Acquired Sub. Machine Gun. 9K-FTO(O) collects matter. 9K-FTO(O) puts together Battle Rifle. Subatomizers dissect the Sub. Power Source. Acquired Sub. Monowheel. EXIT=FOUND Map ----- +----------------------------------------------------+ | ?## ##???????????????????????????????????????? | | ## #???????????????????????????????????????? | | # #???????????????????????????????????????? | | #???????????????????????????????????????? | | #######???????????????????????????????????????? | | # ##?????????????????????????????????????????????? | | ###??????????????????????????????????????????????? | | ?????????????????????????????????????????????????? | | ?????????????????????????????????????????????????? | | ?????????????????????????????????????????????????? | | ?????????????????????????????????????????????????? | | ?????????????????????????????????????????????????? | | ?????????????????????????????????????????????????? | | ?????????????????????????????????????????????????? | | ?????????????????????????????????????????????????? | | ?????????????????????????????????????????????????? | | ?????????????????????????????????????????????????? | | ?????????????????????????????????????????????????? | | ????????????????##???????????????????????????????? | | ????????????????"#???????????????????????????????? | | ??????????????##&#????????###????????????????????? | | ?????????????## ???????## #####????????????????? | | ########???###" #?????### ###??????????????? | | ## #?### ## ##??### ???????????????? | | < #?# " "##?# #???????????????????? | | "### #### ### @% #????????????????????? | | ##?# #?# ## # ##????????????????????? | | #??# ### ## #?????????????????????? | | ??## ### ## ### %#?????????????????????? | | ??# = ## ### ##?# #?????????????????????? | | ###### # #?####??#s s#?????????????????????? | | ##?# ##?????? s?????????????????????? | | #### # #?????? ????????????????????? | | ### ## #?????? ???????????????????? | | ### ### ##????? t%t "???????????????????? | | ## #### ##???? " " "#??????????????????? | | "### ## #????""" """"#??????????????????? | | ""### ###??###<####???????????????????? | | "" " #????#???????????????????????? | | " " #???????????????????????????? | | "### ## #???????????????????????????? | | #?## #### * ##???????????????????????????? | | #?# ##??## ### #????????????????????????????? | | ????###?? #????????????????????????????? | | ????????? ##????????????????????????????? | | ## #"" ????????? ?????????????????????????????? | | ########?????????? ????????????????????????????? | | ?????????????????? ???????????????????????????? | | ??????????????????#?# ??????????????????????????? | | ?????????????????????? ??????????????????????????? | +----------------------------------------------------+ Best States ------------- Heat Dissipation 25 Energy Generation 10 Energy Capacity 250 Matter Stores 300 Matter Capacity 300 Sight Range 16 Terrain Scan Density 10 Evasion (%) 50 Recoil Reduction 2 Item Schematics ----------------- None Robot Schematics ------------------ None Fabricated ------------ Nothing Repaired ---------- Nothing Studied --------- None Alien Tech Used ----------------- None Achievements -------------- None Challenges ------------ None Game ------ Seed CompactXenonKit Manual? 0 Play Time 00:14:56 Cumulative 35.6 hours Start 2026.02.21 @ 22:15:15 End 2026.02.21 @ 22:28:01 Sessions 1 Manual Loads 0 Difficulty Rogue Special Mode None Game No. 84 Rogue 84 Adventurer 0 Explorer 0 Win Type - Total 0 Types 0/0/0/0/0/0/0/0/0/0 Lore% 24 Gallery% 33 Achievement% 24 Wizard Run 0 Options --------- Layout 1 ASCII 0 Keyboard 0 Movement Mouse Keybinds 0 Fullscreen 1 Font 24/Smallcaps Map View 50x35 Zoom Use 0% Tactical HUD 0 Map Filters NONE Filters NONE Steam 1 RUN: c37faa4d-943e-4f41-bb50-18abc3bf0d84